 Dungeon Crawl Stone Soup version 0.28.0-53-g5a82cb258f (webtiles) character file.

Game seed: 12477752920029892736

1328 MiltankisOP the Nimble (level 8, -3/61 HPs)
             Began as a Merfolk Gladiator on July 12, 2022.
             Killed by nerve-wracking pain
             ... invoked by Grinder
              (5 damage)
             ... on level 5 of the Dungeon.
             The game lasted 00:09:54 (4502 turns).

MiltankisOP the Nimble (Merfolk Gladiator)          Turns: 4502, Time: 00:09:54

Health: -3/61      AC:  6    Str: 15    XL:     8   Next: 60%
Magic:  0/8        EV: 18    Int:  7    God:
Gold:   200        SH:  0    Dex: 17    Spells: 7/7 levels left

rFire   . . .      SeeInvis .   a - +0 trident
rCold   . . .      Faith    .   (no shield)
rNeg    . . .      Spirit   +   b - +0 leather armour
rPois   .          Reflect  .   c - +0 helmet
rElec   .          Harm     .   (no cloak)
rCorr   +          Rampage  .   l - +0 pair of gloves
Will    .....                   h - +0 pair of boots
Stlth   +.........              f - amulet of guardian spirit
HPRegen 0.20/turn               e - ring of resist corrosion
MPRegen 0.11/turn               (no ring)

@: no status effects
A: (nimble swimmer 2), mertail
a: no special abilities


You were on level 5 of the Dungeon.
You visited 1 branch of the dungeon, and saw 5 of its levels.

You collected 200 gold pieces.

Inventory:

Hand Weapons
 a - a +0 trident (weapon)
 t - the +8 rapier of the Yoke {antimagic, rPois rN+}
   (You found it on level 5 of the Dungeon)

   It reduces the magical energy of the wielder, and disrupts the spells and
   magical abilities of those it strikes.
   Natural abilities and divine invocations are not affected.
   rPois:     It protects you from poison.
   rN:        It protects you from negative energy.
Missiles
 d - 2 throwing nets (quivered)
Armour
 b - a +0 leather armour (worn)
 c - a +0 helmet (worn)
 h - a +0 pair of boots (worn)
 l - a +0 pair of gloves (worn)
 p - a +0 chain mail of fire resistance
Jewellery
 e - a ring of resist corrosion (left hand)
 f - an amulet of guardian spirit (around neck)
Wands
 n - a wand of iceblast (3)
Scrolls
 g - a scroll of summoning {unknown}
 j - a scroll of acquirement {unknown}
 k - 3 scrolls of identify {unknown}
 m - a scroll of teleportation {unknown}
 o - a scroll of magic mapping {unknown}
 r - a scroll of noise {unknown}
 s - a scroll of vulnerability {unknown}
Potions
 i - 2 potions of degeneration
 q - a potion of magic {unknown}
 u - a potion of curing {unknown}


   Skills:
 + Level 4.6 Fighting
 - Level 8.9 Polearms
 - Level 2.0 Throwing
 - Level 10.9 Dodging


You had 7 spell levels left.
You didn't know any spells.
Your spell library contained the following spells:

 Spells                   Type           Power      Damage    Failure   Level
 Blade Hands              Tmut           0%         N/A       100%        5
 Irradiate                Conj/Tmut      0%         3d13      100%        5
 Dragon Form              Tmut           0%         N/A       100%        7


Dungeon Overview and Level Annotations

Branches:
Dungeon (5/15)
 Temple: D:4-7

Altars:
Cheibriados
Gozag

Shops:
D:5 (

Annotations:
D:5 Grinder


Innate Abilities, Weirdness & Mutations

((You are very nimble when in or above water. (Stealth+, EV+, Speed+++)))
Your lower body shifts to a powerful aquatic tail in water.


Message History

You hit Grinder.
Grinder is severely wounded.
Grinder closely misses you.
You closely miss Grinder.
Grinder is severely wounded.
Grinder completely misses you.
You barely miss Grinder.
Grinder is severely wounded.
Grinder gestures at you.
You struggle to resist.
Aiming: Iceblast
Press: ? - help, Q - select action, (/) - cycle Shift-Dir - straight line, f - gnoll
Aim: a gnoll, wielding a +0 flail The mass of ice explodes!
The iceblast engulfs the gnoll.
The gnoll is moderately wounded.
Grinder hits you.
* * * LOW HITPOINT WARNING * * *
You writhe in agony.
* * * LOW HITPOINT WARNING * * *
Aiming: Iceblast
Press: ? - help, Q - select action, (/) - cycle Shift-Dir - straight line, p - gnoll
Okay, then.
Grinder hits you.
* * * LOW HITPOINT WARNING * * *
You writhe in agony.
* * * LOW HITPOINT WARNING * * *
Grinder gestures at you. Pain shoots through your body!
* * * LOW HITPOINT WARNING * * *
Grinder blinks!
Sorry, you're not good enough to have a special ability.
Throw: 3 throwing nets
Press: ? - help, Q - select action, (/) - cycle Shift-Dir - straight line, f - Grinder, p - gnoll
Aim: Grinder (severely wounded, 60% to hit)
You throw a throwing net. The throwing net hits Grinder.
Grinder is caught in the net!
Grinder is severely wounded.
Grinder gestures at you. Pain shoots through your body!
You die...

.###.#.###.#.##.###### #....###.#
...(.#.#.....#.......###.........
.................................
.....#...#.#.#.......###.##.###.#
#....#...#.#.##......###.....##.#
#....#...#.########g..#####..# ..
##......##.# #...# #..# #
.....##.##.########g..# #g.# #
.#...........(..@5....### #..####
.#......##.....####...#.# #....).
.....#..##.....# #...#.###.#####
..##.#..##.....# #...#.#.#.# ###
..##....##.....########.#.#.# #..
.......<##......(.......#.#. #.#
.###....##........##..###.#. #.#
........##.....)..##..###.#.###.#
######..##........##......#.....#


You could see Grinder (caught) and a gnoll.

Vanquished Creatures
  Pikel (D:5)
  Eustachio (D:4)
  Duvessa (D:5)
  An ogre (D:4)
  A phantom (D:5)
  2 lemures (D:5)
  Dowan (D:5)
  A howler monkey (D:5)
  A bullfrog zombie (D:5)
  2 jellies
  An orc priest (D:3)
  An iguana (D:5)
  A howler monkey zombie (D:3)
  6 gnolls (D:5)
  8 adders
  An ufetubus (D:5)
  10 worms
  A dart slug (D:3)
  2 orcs (D:3)
  5 endoplasms
  3 giant cockroaches
  10 goblins
  4 hobgoblins
  4 jackals (D:1)
  6 kobolds
  3 quokkas
  6 ball pythons
  6 bats
  7 frilled lizards
  9 rats
106 creatures vanquished.

Vanquished Creatures (others)
  3 toadstools (D:1)
3 creatures vanquished.

Grand Total: 109 creatures vanquished

Notes
Turn   | Place    | Note
-------+----------+-------------------------------------------
     0 | D:1      | MiltankisOP the Merfolk Gladiator began the quest for the
                  | Orb.
     0 | D:1      | Reached XP level 1. HP: 16/16 MP: 1/1
    71 | D:1      | Reached XP level 2. HP: 17/22 MP: 0/2
   249 | D:1      | Reached skill level 5 in Polearms
   425 | D:1      | Reached XP level 3. HP: 27/27 MP: 3/3
   493 | D:1      | Found a faded altar of an unknown god.
   679 | D:1      | Reached skill level 5 in Dodging
  1141 | D:2      | Reached XP level 4. HP: 12/33 MP: 2/4
  1744 | D:3      | Reached skill level 6 in Dodging
  1744 | D:3      | Reached XP level 5. HP: 30/38 MP: 5/5
  2262 | D:3      | Found a snail-covered altar of Cheibriados.
  2584 | D:4      | Reached XP level 6. HP: 44/44 MP: 6/6
  2772 | D:4      | Found an opulent altar of Gozag.
  2789 | D:4      | Noticed Eustachio
  2795 | D:4      | Reached skill level 7 in Dodging
  2814 | D:4      | Killed Eustachio
  2815 | D:4      | Reached XP level 7. HP: 33/50 MP: 4/7
  3250 | D:5      | Entered Level 5 of the Dungeon
  3290 | D:5      | Reached skill level 8 in Dodging
  3294 | D:5      | Identified the +8 rapier of the Yoke {antimagic, rPois rN+}
  4146 | D:5      | Noticed Pikel
  4169 | D:5      | Killed Pikel
  4170 | D:5      | Reached skill level 10 in Dodging
  4170 | D:5      | Reached XP level 8. HP: 46/56 MP: 2/8
  4350 | D:5      | Found Anemeul's Weapon Emporium.
  4377 | D:5      | Noticed Dowan
  4378 | D:5      | Noticed Duvessa
  4388 | D:5      | Killed Dowan
  4389 | D:5      | Killed Duvessa
  4420 | D:5      | Noticed Grinder
  4468 | D:5      | Paralysed by Grinder for 7 turns
  4495 | D:5      | HP: 1/61 [Grinder/nerve-wracking pain (7)]
  4502 | D:5      | Killed from afar by Grinder

Illustrated notes

Levels and vault maps discovered:
D:1:      elethiomel_arrival_diamonds, layout_basic,
          shapermc_ecumenical_altar_gd, minmay_gold_behind_fungi
D:2:      layout_loops_cross, minmay_statues_item
D:3:      layout_loops_ring, kennysheep_slug_shrine
D:4:      layout_basic, nicolae_gozag_cash_rules_everything_around_me,
          uniq_eustachio
D:5:      layout_basic, serial_shops, nicolae_square_shop, nicolae_wormholes,
          uniq_duvessa, uniq_pikel, uniq_grinder

Skill      XL: |  1  2  3  4  5  6  7  8 |
---------------+-------------------------+-----
Polearms       | 5 6 7 8 |  8.9
Dodging        | 5 6 7 10 | 10.9
Fighting       | 4 |  4.6
Throwing       | |  2.0

Action                   |  1- 3 |  4- 6 |  7- 9 || total
-------------------------+-------+-------+-------++-------
Melee: Trident           |   121 |   169 |   168 ||   458
       Punch             |       |     1 |     3 ||     4
       Rapier            |       |       |     7 ||     7
Throw: Throwing net      |       |       |     1 ||     1
Evoke: Wand              |       |       |     5 ||     5
  Use: Potion            |       |     4 |     2 ||     6
 Stab: Sleeping          |     3 |       |     1 ||     4
       Distracted        |       |       |     1 ||     1
Armor: Leather armour    |    26 |    38 |    19 ||    83
       Skin              |       |     5 |     8 ||    13
Dodge: Dodged            |    65 |    78 |    83 ||   226
